[Event "Team 45 45 League T79"]
[Site "Internet Chess Club"]
[Date "2019.01.18"]
[Round "4"]
[White "oldbookseller"]
[Black "areckx"]
[Result "0-1"]
[WhiteElo "1108"]
[BlackElo "1129"]
[Opening "Queen's pawn game"]
[ECO "D04"]
[Time "14:00:32"]
[TimeControl "2700+45"]

1. d4 Nf6 2. Nf3 d5 3. e3 g6 4. Bd3 Bg7 5. Nbd2 O-O 6. O-O Re8 7. e4 Nc6 8. c3
Nd7 9. Ng5 Bh6 10. Nxf7 Kxf7 11. Qf3+ Kg7 12. e5 e6 13. b3 a6 14. Rd1 b5 15. Qh3
Qg5 16. Nf3 Qh5 17. Qg3 Ne7 18. Ng5 Qxd1+ 19. Bf1 Nf5 20. Qh3 Bxg5 21. f4 Bxf4
22. Kf2 Bxc1 23. Be2 Be3+ 24. Kf3 Qxa1 25. Kg4 h5+ 26. Kf3 Qxa2 27. g4 Rh8 28.
gxf5 g5 29. Kg3 Bxd4 30. fxe6 Qxb3 31. Bxh5 Qxc3+ 32. Kg4 Qxh3+ 33. Kxh3 Nxe5
{White resigns} 0-1